 Dungeon Crawl Stone Soup version 0.28-a0-863-g8cecda6153 (webtiles) character file.

Game seed: 9830638473068875694

79 siradein the Skirmisher (level 4, -8/35 HPs)
             Began as a Demonspawn Chaos Knight on Nov 19, 2021.
             Was a Plaything of Xom.
             Killed by nerve-wracking pain
             ... invoked by Jessica
              (14 damage)
             ... on level 2 of the Dungeon.
             The game lasted 00:05:19 (1902 turns).

siradein the Skirmisher (Demonspawn Chaos Knight)   Turns: 1902, Time: 00:05:21

Health: -8/35      AC:  8    Str: 13    XL:     4   Next: 16%
Magic:  4/4        EV:  6    Int: 14    God:    Xom [*.....]
Gold:   66         SH:  0    Dex: 12    Spells: 3/3 levels left

rFire   . . .      SeeInvis .   a - +0 mace (chaos)
rCold   . . .      Faith    +   (no shield)
rNeg    . . .      Spirit   .   g - +0 chain mail
rPois   .          Reflect  .   (helmet restricted)
rElec   .          Harm     .   (no cloak)
rCorr   .          Rampage  .   (no gloves)
Will    .....                   (no boots)
Stlth   ..........              c - amulet of faith
HPRegen 0.11/turn               (no ring)
MPRegen 0.09/turn               (no ring)

@: no status effects
A: horns 2
a: Renounce Religion


You were on level 2 of the Dungeon.
You worshipped Xom.
You were a special plaything of Xom.
You visited 1 branch of the dungeon, and saw 2 of its levels.

You collected 66 gold pieces.

Inventory:

Hand Weapons
 a - a +0 mace of chaos (weapon)
Missiles
 b - 4 javelins (quivered)
 h - 10 poisoned darts
Armour
 g - a +0 chain mail (worn)
Jewellery
 c - an amulet of faith (around neck)
Scrolls
 d - a scroll of amnesia {unknown}
 e - a scroll of teleportation {unknown}
Potions
 f - a potion of lignification {unknown}
 i - a potion of cancellation {unknown}


   Skills:
 + Level 3.5 Fighting
 + Level 3.2 Maces & Flails
 + Level 2.5 Armour
 + Level 1.9 Dodging


You had 3 spell levels left.
You didn't know any spells.
Your spell library was empty.

Dungeon Overview and Level Annotations

Branches:
Dungeon (2/15)

Altars:
Uskayaw

Annotations:
D:2 Jessica


Innate Abilities, Weirdness & Mutations

You have a pair of horns on your head.


Message History

Jessica mumbles some strange words.
Jessica blinks!
The endoplasm hits you but does no damage.
You hit the endoplasm but do no damage. The endoplasm freezes you.
You are frozen.
The endoplasm hits you but does no damage.
You are too injured to fight recklessly!
You are too injured to fight recklessly!
You are too injured to fight recklessly! "This might be better!"
The endoplasm evaporates and reforms as a dart slug!
Jessica gestures wildly while chanting.
Jessica seems to speed up.
You hit the dart slug but do no damage.
The dart slug seems to speed up.
You headbutt the dart slug.
The dart slug is lightly wounded.
The dart slug launches a dart at you. The slug dart misses you.
You hit the dart slug.
The dart slug is moderately wounded.
The dart slug bites you.
You hit the dart slug.
The dart slug is almost dead.
The dart slug bites you but does no damage.
You hit the dart slug. You freeze the dart slug.
You kill the dart slug!
The hobgoblin hits you.
You closely miss the hobgoblin. You headbutt the hobgoblin.
You kill the hobgoblin!
Jessica points at you and mumbles some strange words.
Pain shoots through your body!
* * * LOW HITPOINT WARNING * * *
You hit Jessica. You burn Jessica.
Jessica is moderately wounded.
Jessica hits you but does no damage. Jessica gestures at you while chanting.
Pain shoots through your body!
You die...
Xom chortles!

### #.############
#J@@.........#
#.#########.## #.#
####.# #w# #....#
#J######.####
#.#...##.#
##############g#.#.##.#
....=....@g†..@#.#.##.#
(.........######.#....#


You could see Jessica (fast) and an endoplasm.

Vanquished Creatures
  A hound (D:2)
  An adder (D:2)
  2 dart slugs (D:2)
  6 endoplasms
  3 giant cockroaches
  2 hobgoblins
  A quokka (D:2)
  2 ball pythons
  4 bats
  A frilled lizard (D:2)
  4 goblins
  5 kobolds
32 creatures vanquished.

Notes
Turn   | Place    | Note
-------+----------+-------------------------------------------
     0 | D:1      | siradein the Demonspawn Chaos Knight began the quest for
                  | the Orb.
     0 | D:1      | Reached XP level 1. HP: 18/18 MP: 1/1
   192 | D:1      | Reached skill level 1 in Dodging
   475 | D:1      | Gained mutation: You have a pair of small horns on your
                  | head. [demonic ancestry]
   475 | D:1      | Reached XP level 2. HP: 24/24 MP: 2/2
   509 | D:1      | XOM: 1-stop teleportation journey
   667 | D:1      | Found a faded altar of an unknown god.
   705 | D:1      | XOM: cloud trail
   892 | D:1      | XOM: cloud trail
  1297 | D:2      | XOM: confuse monster(s)
  1312 | D:2      | Gained mutation: You have a pair of horns on your head.
                  | [demonic ancestry]
  1312 | D:2      | Reached XP level 3. HP: 21/29 MP: 3/3
  1383 | D:2      | Found a hide-covered altar of Uskayaw.
  1383 | D:2      | XOM: 2-stop teleportation journey
  1522 | D:2      | XOM: smoke on damage
  1717 | D:2      | Reached XP level 4. HP: 24/35 MP: 4/4
  1869 | D:2      | Noticed Jessica
  1888 | D:2      | XOM: polymorph endoplasm -> dart slug
  1902 | D:2      | Killed from afar by Jessica

Illustrated notes

Levels and vault maps discovered:
D:1:      dpeg_arrival_refuge, layout_basic,
          shapermc_ecumenical_altar_mp_highgroup
D:2:      layout_basic, basic_altar, uniq_jessica

Skill      XL: |  1  2 |
---------------+-------+-----
Dodging        | 1 |  1.9
Armour         | 2 |  2.5
Maces & Flails | 3 |  3.2
Fighting       | |  3.5

Action                   |  1- 3 |  4- 6 || total
-------------------------+-------+-------++-------
Melee: Mace              |    74 |    12 ||    86
       Headbutt          |     5 |     3 ||     8
 Stab: Confused          |     1 |       ||     1
Armor: Leather armour    |    20 |       ||    20
       Chain mail        |    23 |     6 ||    29
       Scale mail        |     2 |       ||     2
Dodge: Dodged            |    19 |     2 ||    21

Table legend: (Time is in decaauts)
 A = Elapsed time spent in this place.
 B = Non-inter-level travel time spent in this place.
 C = Inter-level travel time spent in this place.
 D = Time resting spent in this place.
 E = Time spent auto-exploring this place.
 F = Levels seen in this place.
 G = Mean time per level.
                   A        B        C        D        E       F      G
               +--------+--------+--------+--------+--------+-----+--------+
         Total |   1923 |   1877 |     46 |      0 |   1496 |   2 |  961.5 |
       Dungeon |   1923 |   1877 |     46 |      0 |   1496 |   2 |  961.5 |
               +--------+--------+--------+--------+--------+-----+--------+

Top non-repeatable levels by time:
     D:1: 1300 daAuts
     D:2: 622 daAuts
